BSA
SAN FRANCISCO BANDITS @ VISTA PANTHERS
07/10/2027
 
TOP OF THE 1ST
San Francisco Bandits batting - Pitching for Vista Panthers : RHP Paco Canpos
Pitching: RHP Paco Canpos
Batting: RHB Javier Ramírez 0-0: Swinging Strike
0-1: Ball
1-1: Fly out, F7 (Line Drive, 7)
Batting: LHB Jerry Bryan 0-0: Foul Ball, location: 2F
0-1: Foul Ball, location: 2F
0-2: Strikes out swinging
Batting: RHB Ramón Ruíz 0-0: Foul Ball, location: 2F
0-1: Called Strike
0-2: Strikes out looking
Top of the 1st over - 0 run(s), 0 hit(s), 0 error(s), 0 left on base; San Francisco 0 - Vista 0
BOTTOM OF THE 1ST
Vista Panthers batting - Pitching for San Francisco Bandits : RHP Bob Cunningham
Pitching: RHP Bob Cunningham
Batting: LHB Bob Cunningham 0-0: Ball
1-0: Ball
2-0: Ball
3-0: Base on Balls
Batting: LHB Patrick Osborne 0-0: Called Strike
0-1: Ball
1-1: Fly out, F4 (Line Drive, 4)
Batting: RHB Justin Burgess 0-0: Ball
1-0: Called Strike
1-1: Fly out, F9 (Flyball, 9)
Batting: LHB Donovan Bird 0-0: Ball
1-0: Ball
2-0: Ball
3-0: Called Strike
3-1: Fly out, F4 (Line Drive, 34)
Bottom of the 1st over - 0 run(s), 0 hit(s), 0 error(s), 1 left on base; San Francisco 0 - Vista 0
TOP OF THE 2ND
San Francisco Bandits batting - Pitching for Vista Panthers : RHP Paco Canpos
Batting: RHB Michael Elliott 0-0: Foul Ball, location: 2F
0-1: SOLO HOME RUN (Line Drive, 7LD), Distance : 426 ft
Batting: LHB Jack Hewat 0-0: Swinging Strike
0-1: Foul Ball, location: 2F
0-2: Ball
1-2: Ball
2-2: Ground out 4-3 (Groundball, 4)
Batting: RHB Naomichi Aoki 0-0: Foul Ball, location: 2F
0-1: SOLO HOME RUN (Flyball, 7D), Distance : 421 ft
Batting: LHB Mel Jones 0-0: Swinging Strike
0-1: Swinging Strike
0-2: Ground out 4-3 (Groundball, 34D)
Batting: RHB José Sánchez 0-0: Foul Ball, location: 2F
0-1: Called Strike
0-2: Strikes out looking
Top of the 2nd over - 2 run(s), 2 hit(s), 0 error(s), 0 left on base; San Francisco 2 - Vista 0
BOTTOM OF THE 2ND
Vista Panthers batting - Pitching for San Francisco Bandits : RHP Bob Cunningham
Batting: SHB Mark Wells 0-0: Foul Ball, location: 2F
0-1: Ball
1-1: Ball
2-1: Foul Ball, location: 2F
2-2: Foul Ball, location: 2F
2-2: DOUBLE (Flyball, 78D)
Batting: RHB Cisco Gatán 0-0: Ball
1-0: Fly out, F7 (Line Drive, 7D)
Runner from 2nd tags up, SAFE at 3rd, no throw
Batting: RHB Salvador Salas 0-0: Foul Ball, location: 2F
0-1: Swinging Strike
0-2: Ground out 5-3 (Groundball, 2L)
Batting: LHB Francisco Marino 0-0: Fly out, F8 (Flyball, 8LD)
Bottom of the 2nd over - 0 run(s), 1 hit(s), 0 error(s), 1 left on base; San Francisco 2 - Vista 0
TOP OF THE 3RD
San Francisco Bandits batting - Pitching for Vista Panthers : RHP Paco Canpos
Batting: RHB Miguel Mendoza 0-0: Called Strike
0-1: Ball
1-1: Swinging Strike
1-2: Strikes out swinging
Batting: RHB Javier Ramírez 0-0: Swinging Strike
0-1: Ball
1-1: Ball
2-1: Ball
3-1: Base on Balls
Batting: LHB Jerry Bryan 0-0: Ball
1-0: Called Strike
1-1: Called Strike
1-2: Ball
2-2: Foul Ball, location: 2F
2-2: SINGLE (Line Drive, 4)
Javier Ramírez to second
Batting: RHB Ramón Ruíz 0-0: Called Strike
0-1: Ball
1-1: Foul Ball, location: 2F
1-2: Strikes out swinging
Batting: RHB Michael Elliott 0-0: Ball
1-0: Ground out 1-3 (Groundball, 15S)
Top of the 3rd over - 0 run(s), 1 hit(s), 0 error(s), 2 left on base; San Francisco 2 - Vista 0
BOTTOM OF THE 3RD
Vista Panthers batting - Pitching for San Francisco Bandits : RHP Bob Cunningham
Batting: RHB Roberto Cruz 0-0: Called Strike
0-1: Called Strike
0-2: Strikes out looking
Batting: LHB Bob Cunningham 0-0: Ball
1-0: Ball
2-0: Called Strike
2-1: Ball
3-1: Base on Balls
Batting: LHB Patrick Osborne 0-0: Ball
1-0: Ball
2-0: Ball
3-0: Base on Balls
Bob Cunningham to second
Batting: RHB Justin Burgess 0-0: Called Strike
0-1: Ball
1-1: Foul Ball, location: 2F
1-2: Ball
2-2: Foul Ball, location: 2F
2-2: Foul Ball, location: 2F
2-2: DOUBLE (Flyball, 89D)
Bob Cunningham scores
Patrick Osborne to third
Runner from 3rd tries for Home, SAFE, no throw
Batting: LHB Donovan Bird 0-0: Ball
1-0: Called Strike
1-1: SINGLE (Groundball, 4S) (infield hit)
Justin Burgess to third
Batting: SHB Mark Wells 0-0: Ball
1-0: Called Strike
1-1: Swinging Strike
1-2: Strikes out swinging
Batting: RHB Cisco Gatán 0-0: Ball
1-0: Foul Ball, location: 2F
1-1: Foul Ball, location: 2F
1-2: Ball
2-2: Ball
3-2: Ground out 6-3 (Groundball, 6)
Bottom of the 3rd over - 2 run(s), 2 hit(s), 0 error(s), 2 left on base; San Francisco 2 - Vista 2
TOP OF THE 4TH
San Francisco Bandits batting - Pitching for Vista Panthers : RHP Paco Canpos
Batting: LHB Jack Hewat 0-0: Ball
1-0: Called Strike
1-1: Ball
2-1: Foul Ball, location: 2F
2-2: Foul Ball, location: 2F
2-2: Ball
3-2: Ground out 4-3 (Groundball, 4)
Batting: RHB Naomichi Aoki 0-0: Called Strike
0-1: Foul Ball, location: 2F
0-2: Ball
1-2: Ball
2-2: Strikes out swinging
Batting: LHB Mel Jones 0-0: Ball
1-0: Ball
2-0: Called Strike
2-1: Ball
3-1: Base on Balls
Batting: RHB José Sánchez 0-0: Ball
1-0: Swinging Strike
1-1: Called Strike
1-2: Foul Ball, location: 2F
1-2: Ball
2-2: SINGLE (Line Drive, 9S)
Mel Jones to second
Batting: RHB Miguel Mendoza 0-0: Ball
1-0: Called Strike
1-1: Fielders Choice at 2nd, 4-6 (Groundball, 4)
Top of the 4th over - 0 run(s), 1 hit(s), 0 error(s), 1 left on base; San Francisco 2 - Vista 2
BOTTOM OF THE 4TH
Vista Panthers batting - Pitching for San Francisco Bandits : RHP Bob Cunningham
Batting: RHB Salvador Salas 0-0: Swinging Strike
0-1: Fly out, F2 (Popup, 3S)
Batting: LHB Francisco Marino 0-0: Swinging Strike
0-1: Ball
1-1: Ball
2-1: Foul Ball, location: 2F
2-2: SINGLE (Groundball, 4D)
Batting: RHB Roberto Cruz 0-0: Ball
Francisco Marino is caught stealing 2nd base
1-0: Called Strike
1-1: Ball
2-1: Fly out, F5 (Line Drive, 56)
Bottom of the 4th over - 0 run(s), 1 hit(s), 0 error(s), 0 left on base; San Francisco 2 - Vista 2
TOP OF THE 5TH
San Francisco Bandits batting - Pitching for Vista Panthers : RHP Paco Canpos
Batting: RHB Javier Ramírez 0-0: Foul Ball, location: 2F
0-1: Ball
1-1: Ball
2-1: Ball
3-1: Base on Balls
Batting: LHB Jerry Bryan 0-0: Ball
1-0: Called Strike
1-1: Fly out, F9 (Line Drive, 89D)
Batting: RHB Ramón Ruíz 0-0: Ball
1-0: Reached on error, E4 (Groundball, 34)
Javier Ramírez to third
Batting: RHB Michael Elliott 0-0: Ball
1-0: Called Strike
1-1: Ball
2-1: Foul Ball, location: 2F
2-2: Foul Ball, location: 2F
2-2: Ball
3-2: DOUBLE (Line Drive, 8RD)
Javier Ramírez scores
Ramón Ruíz scores
Pitching: LHP Mario Tobías
Pinch Runner at 2nd Gustavo Ortíz:
Batting: LHB Jack Hewat 0-0: Foul Ball, location: 2F
0-1: Ball
1-1: Foul Ball, location: 2F
1-2: Strikes out swinging
Batting: RHB Naomichi Aoki 0-0: Ground out 5-3 (Groundball, 56)
Top of the 5th over - 2 run(s), 1 hit(s), 1 error(s), 1 left on base; San Francisco 4 - Vista 2
BOTTOM OF THE 5TH
Vista Panthers batting - Pitching for San Francisco Bandits : RHP Bob Cunningham
Now in RF: Gustavo Ortíz
Batting: LHB Bob Cunningham 0-0: Ball
1-0: Called Strike
1-1: Ball
2-1: Foul Ball, location: 2F
2-2: Strikes out swinging
Batting: LHB Patrick Osborne 0-0: Ball
1-0: Ball
2-0: DOUBLE (Line Drive, 78XD)
Batting: RHB Justin Burgess 0-0: Ball
1-0: Ball
2-0: Ground out 1-3 (Groundball, P)
Patrick Osborne to third
Batting: LHB Donovan Bird 0-0: Ball
1-0: Ball
2-0: Foul Ball, location: 2F
2-1: Foul Ball, location: 2F
2-2: SINGLE (Line Drive, 89M)
Patrick Osborne scores
Batting: SHB Mark Wells 0-0: Called Strike
0-1: Swinging Strike
0-2: Ball
1-2: Ball
2-2: Foul Ball, location: 2F
2-2: Foul Ball, location: 2F
2-2: Ball
3-2: Strikes out swinging
Bottom of the 5th over - 1 run(s), 2 hit(s), 0 error(s), 1 left on base; San Francisco 4 - Vista 3
TOP OF THE 6TH
San Francisco Bandits batting - Pitching for Vista Panthers : LHP Mario Tobías
Batting: LHB Mel Jones 0-0: Ball
1-0: Ground out 6-3 (Groundball, 6)
Batting: RHB José Sánchez 0-0: Ball
1-0: Foul Ball, location: 2F
1-1: Ball
2-1: SINGLE (Groundball, 5L) (infield hit)
Batting: RHB Miguel Mendoza 0-0: Ball
1-0: Foul Ball, location: 2F
1-1: Ball
2-1: Foul Ball, location: 2F
2-2: Strikes out looking
Batting: RHB Javier Ramírez 0-0: Foul Ball, location: 2F
0-1: Ball
1-1: Swinging Strike
1-2: Strikes out swinging
Top of the 6th over - 0 run(s), 1 hit(s), 0 error(s), 1 left on base; San Francisco 4 - Vista 3
BOTTOM OF THE 6TH
Vista Panthers batting - Pitching for San Francisco Bandits : RHP Bob Cunningham
Batting: RHB Cisco Gatán 0-0: Ball
1-0: Ball
2-0: Called Strike
2-1: Ground out 6-3 (Groundball, 6)
Batting: RHB Salvador Salas 0-0: Foul Ball, location: 2F
0-1: SINGLE (Groundball, 25) (infield hit)
Batting: LHB Francisco Marino 0-0: Called Strike
0-1: Ball
1-1: Ball
2-1: Called Strike
2-2: Strikes out swinging
Batting: RHB Roberto Cruz 0-0: Foul Ball, location: 2F
0-1: Ball
1-1: DOUBLE (Flyball, 89XD)
Salvador Salas to third
Runner from 3rd tries for Home, SAFE, no throw
Pitching: RHP Alfonso Martínez
Batting: LHB Bob Cunningham 0-0: Ball
1-0: Ground out 1-3 (Groundball, 15S)
Bottom of the 6th over - 1 run(s), 2 hit(s), 0 error(s), 1 left on base; San Francisco 4 - Vista 4
TOP OF THE 7TH
San Francisco Bandits batting - Pitching for Vista Panthers : LHP Mario Tobías
Batting: LHB Jerry Bryan 0-0: Called Strike
0-1: Fly out, F8 (Flyball, 89XD)
Batting: RHB Ramón Ruíz 0-0: Ball
1-0: Ball
2-0: Ball
3-0: Called Strike
3-1: Foul Ball, location: 2F
3-2: Strikes out swinging
Batting: RHB Gustavo Ortíz 0-0: Called Strike
0-1: Ball
1-1: Foul Ball, location: 2F
1-2: Foul Ball, location: 2F
1-2: Strikes out swinging
Top of the 7th over - 0 run(s), 0 hit(s), 0 error(s), 0 left on base; San Francisco 4 - Vista 4
BOTTOM OF THE 7TH
Vista Panthers batting - Pitching for San Francisco Bandits : RHP Alfonso Martínez
Batting: LHB Patrick Osborne 0-0: Called Strike
0-1: Swinging Strike
0-2: DOUBLE (Flyball, 78XD)
Pinch Hitting: LHB Brent Alonzo 0-0: Swinging Strike
0-1: Called Strike
0-2: Ball
1-2: Foul Ball, location: 2F
1-2: Ball
2-2: DOUBLE (Line Drive, 8RXD)
Patrick Osborne scores
Batting: LHB Donovan Bird 0-0: Swinging Strike
0-1: Called Strike
0-2: Ball
1-2: 2-RUN HOME RUN (Flyball, 89XD), Distance : 421 ft
Pitching: RHP Fernando Llama
Batting: SHB Mark Wells 0-0: Ground out 5-3 (Groundball, 2L)
Batting: RHB Cisco Gatán 0-0: Called Strike
0-1: Ground out 6-3 (Groundball, 6)
Batting: RHB Salvador Salas 0-0: Ball
1-0: Called Strike
1-1: Swinging Strike
1-2: Strikes out looking
Bottom of the 7th over - 3 run(s), 3 hit(s), 0 error(s), 0 left on base; San Francisco 4 - Vista 7
TOP OF THE 8TH
San Francisco Bandits batting - Pitching for Vista Panthers : LHP Mario Tobías
Now at 2B: Brent Alonzo
Batting: LHB Jack Hewat 0-0: Foul Ball, location: 2F
0-1: Ball
1-1: Ball
2-1: Ball
3-1: Swinging Strike
3-2: Strikes out looking
Batting: RHB Naomichi Aoki 0-0: Ball
1-0: Foul Ball, location: 2F
1-1: Foul Ball, location: 2F
1-2: SOLO HOME RUN (Flyball, 8LXD), Distance : 431 ft
Batting: LHB Mel Jones 0-0: Foul Ball, location: 2F
0-1: Fly out, F7 (Line Drive, 78S)
Batting: RHB José Sánchez 0-0: Ball
1-0: SINGLE (Line Drive, 4M)
Pitching: RHP José Betancourt
Batting: RHB Miguel Mendoza 0-0: Ball
1-0: Called Strike
1-1: Foul Ball, location: 2F
1-2: Foul Ball, location: 2F
1-2: Ball
2-2: Ball
3-2: Foul Ball, location: 2F
3-2: Ground out 4-3 (Groundball, 34)
Top of the 8th over - 1 run(s), 2 hit(s), 0 error(s), 1 left on base; San Francisco 5 - Vista 7
BOTTOM OF THE 8TH
Vista Panthers batting - Pitching for San Francisco Bandits : RHP Fernando Llama
Batting: LHB Francisco Marino 0-0: Ball
1-0: Ground out 6-3 (Groundball, 6)
Batting: RHB Roberto Cruz 0-0: Called Strike
0-1: SINGLE (Line Drive, 78S)
Batting: LHB Bob Cunningham 0-0: Ground out 4-3 (Groundball, 34)
Roberto Cruz to second
Batting: LHB Patrick Osborne 0-0: Foul Ball, location: 2F
0-1: Foul Ball, location: 2F
0-2: Ball
1-2: Ball
2-2: TRIPLE (Flyball, 8LXD)
Roberto Cruz scores
Batting: LHB Brent Alonzo 0-0: DOUBLE (Line Drive, 78D)
Patrick Osborne scores
Batting: LHB Donovan Bird 0-0: Swinging Strike
0-1: Ball
1-1: Hit by Pitch
Batting: SHB Mark Wells 0-0: Ball
1-0: Ball
2-0: Ball
3-0: Called Strike
3-1: Called Strike
3-2: Base on Balls
Brent Alonzo to third
Donovan Bird to second
Batting: RHB Cisco Gatán 0-0: Ball
1-0: Ball
2-0: Ball
3-0: Base on Balls
Brent Alonzo scores
Donovan Bird to third
Mark Wells to second
Pitching: RHP Tim Lyons
Batting: RHB Salvador Salas 0-0: Ball
1-0: Fly out, F9 (Flyball, 9)
Bottom of the 8th over - 3 run(s), 3 hit(s), 0 error(s), 3 left on base; San Francisco 5 - Vista 10
TOP OF THE 9TH
San Francisco Bandits batting - Pitching for Vista Panthers : RHP José Betancourt
Batting: RHB Javier Ramírez 0-0: Ball
1-0: Ball
2-0: Ground out 4-3 (Groundball, 4)
Batting: LHB Jerry Bryan 0-0: Ball
1-0: Reached via error on a dropped throw, E3
Batting: RHB Ramón Ruíz 0-0: Called Strike
0-1: Called Strike
0-2: Ball
1-2: Ball
2-2: Fly out, F3 (Popup, 3S)
Batting: RHB Gustavo Ortíz 0-0: Swinging Strike
0-1: Foul Ball, location: 2F
0-2: Ball
1-2: Foul Ball, location: 2F
1-2: Ball
2-2: Ball
3-2: Strikes out swinging
Top of the 9th over - 0 run(s), 0 hit(s), 1 error(s), 1 left on base; San Francisco 5 - Vista 10
Thursday, March 30th, 2017 - OOTP Baseball 17.12 Build 75